 Dungeon Crawl Stone Soup version 0.28.0-53-g5a82cb258f (webtiles) character file.

Game seed: 3645579748982647090

530 Zeld the Magician (level 7, -2/36 HPs)
             Began as a Deep Elf Fire Elementalist on May 22, 2022.
             Was an Initiate of Vehumet.
             Slain by a water moccasin skeleton (3 damage)
             ... on level 5 of the Dungeon.
             The game lasted 00:04:13 (6259 turns).

Zeld the Magician (Deep Elf Fire Elementalist)      Turns: 6259, Time: 00:04:13

Health: -2/36      AC:  3    Str:  9    XL:     7   Next: 3%
Magic:  10/18      EV: 12    Int: 25    God:    Vehumet [......]
Gold:   174        SH:  0    Dex: 15    Spells: 13/19 levels left

rFire   . . .      SeeInvis .   (no weapon)
rCold   . . .      Faith    .   (no shield)
rNeg    . . .      Spirit   .   d - +0 robe "Xaqi Luc" {Str+4 Int+3}
rPois   .          Reflect  .   (no helmet)
rElec   .          Harm     .   (no cloak)
rCorr   .          Rampage  .   (no gloves)
Will    .....                   c - +0 pair of boots
Stlth   ++........              (no amulet)
HPRegen 0.12/turn               (no ring)
MPRegen 0.16/turn               (no ring)

@: no status effects
A: no striking features
a: Renounce Religion


You were on level 5 of the Dungeon.
You worshipped Vehumet.
Vehumet was noncommittal.
You visited 1 branch of the dungeon, and saw 5 of its levels.

You collected 174 gold pieces.

Inventory:

Armour
 a - a +0 robe
 c - a +0 pair of boots (worn)
 d - the +0 robe "Xaqi Luc" (worn) {Str+4 Int+3}
   (You found it on level 3 of the Dungeon)

   Str:       It affects your strength (+4).
   Int:       It affects your intelligence (+3).
Wands
 g - a wand of polymorph (12)
Scrolls
 f - 4 scrolls of teleportation {unknown}
 h - a scroll of noise {unknown}
 i - a scroll of amnesia {unknown}
Potions
 b - a potion of invisibility {unknown}
 e - a potion of haste {unknown}


   Skills:
 - Level 2.4 Dodging
 + Level 3.3 Stealth
 * Level 6.5 Spellcasting
 + Level 3.3 Conjurations
 - Level 2.0 Hexes
 * Level 5.9 Fire Magic


You had 13 spell levels left.
You knew the following spells:

 Your Spells              Type           Power      Damage    Failure   Level
a - Foxfire               Conj/Fire      100%       2x1d9     1%          1
b - Scorch                Fire           74%        2d9       1%          2
c - Inner Flame           Hex/Fire       27%        N/A       4%          3

Your spell library contained the following spells:

 Spells                   Type           Power      Damage    Failure   Level
 Conjure Flame            Conj/Fire      31%        6-21      3%          3
 Freeze                   Ice            32%        1d5       7%          1
 Flame Wave               Conj/Fire      31%        2d8       11%         4
 Frozen Ramparts          Ice            16%        1d3       22%         3
 Gell's Gravitas          Tloc           8%         N/A       22%         3
 Lesser Beckoning         Tloc           8%         N/A       22%         3
 Teleport Other           Tloc           8%         N/A       22%         3
 Hailstorm                Conj/Ice       16%        3d6       34%         4


Dungeon Overview and Level Annotations

Branches:
Dungeon (5/15)
 Temple: D:4-7

Altars:
Qazlal
Vehumet

Shops:
D:4 (

Annotations:
D:3 3 runed translucent doors, 2 transporters, bnorton916's ghost, weakling DEFE
D:4 exclusion: door


Message History

You start resting.
Magic restored.
You start waiting.
Done waiting.
You climb downwards.
The water moccasin skeleton bites you.
A bullfrog skeleton comes into view.
The bullfrog hits you.
The water moccasin skeleton closely misses you.
The bullfrog hits you.
There is a stone staircase leading up, spattered with blood here.
Casting: Scorch (safe; 1% risk of failure)
Confirm with . or Enter, or press ? or * to list all spells.
Flames lash the bullfrog.
The bullfrog is moderately wounded.
The bullfrog's fire resistance burns away.
The water moccasin skeleton closely misses you.
The bullfrog misses you. The water moccasin skeleton misses you.
Casting: Scorch (safe; 1% risk of failure)
Confirm with . or Enter, or press ? or * to list all spells.
Flames lash the bullfrog.
The bullfrog is burned terribly!
The bullfrog is severely wounded.
The bullfrog hits you!
The water moccasin skeleton misses you. x2
The bullfrog hits you.
Casting: Scorch (safe; 1% risk of failure)
Confirm with . or Enter, or press ? or * to list all spells.
Flames lash the bullfrog.
The bullfrog is burned terribly!
The bullfrog is almost dead.
The water moccasin skeleton bites you. x2; The bullfrog hits you.
* * * LOW HITPOINT WARNING * * *
The water moccasin skeleton bites you.
* * * LOW HITPOINT WARNING * * *
The water moccasin skeleton bites you.
* * * LOW HITPOINT WARNING * * *
Casting: Scorch (safe; 1% risk of failure)
Confirm with . or Enter, or press ? or * to list all spells.
Flames lash the jelly.
The jelly is moderately wounded.
The jelly's fire resistance burns away.
The bullfrog misses you. The water moccasin skeleton bites you.
You die...

#### ...#####
#...######......#
.........#......#...
.........#......#...
.........#......#.. #
#####'##......#.#
####.#........######.#####
#....'...Z....#...........
#....#...@JZ..'...........
+... #....FZ..#......†....
#.. #........#...........
## #........##'######'##
######..............#
#..............#
+..............#
#............Z.#
#..............#


You could see a bullfrog (combustible), a jelly (combustible), 2 water moccasin
skeletons and a bullfrog skeleton.

Vanquished Creatures
  A black bear (D:4)
  A howler monkey (D:4)
  A bullfrog zombie (D:5)
  A centaur skeleton (D:5)
  A gnoll shaman (D:4)
  A scorpion zombie (D:5)
  An iguana (D:3)
  2 orc wizards (D:3)
  A hound skeleton (D:4)
  10 gnolls
  2 adders
  An adder skeleton (D:4)
  2 dart slugs
  9 orcs
  4 endoplasms
  4 giant cockroaches
  4 goblins
  6 hobgoblins
  4 jackals (D:3)
  3 quokkas
  4 ball pythons
  5 bats
  3 frilled lizards (D:1)
  5 kobolds
  5 rats
81 creatures vanquished.

Vanquished Creatures (others)
  27 foxfires
27 creatures vanquished.

Grand Total: 108 creatures vanquished

Notes
Turn   | Place    | Note
-------+----------+-------------------------------------------
     0 | D:1      | Zeld the Deep Elf Fire Elementalist began the quest for the
                  | Orb.
     0 | D:1      | Reached XP level 1. HP: 10/10 MP: 6/6
   281 | D:1      | Reached XP level 2. HP: 15/15 MP: 1/8
   384 | D:1      | Learned a level 2 spell: Scorch
   929 | D:1      | Found a faded altar of an unknown god.
  1431 | D:2      | Identified the +1 robe of Dice, Bag, and Bottle {rC- rN++
                  | Int-2 Archmagi}
  1447 | D:2      | Reached XP level 3. HP: 19/19 MP: 7/10
  1451 | D:2      | Learned a level 3 spell: Inner Flame
  1971 | D:3      | Found a runed translucent gate.
  1972 | D:3      | Found a runed translucent gate.
  1973 | D:3      | Found a runed translucent gate.
  1973 | D:3      | Noticed bnorton916's ghost (weakling DEFE)
  1976 | D:3      | Reached skill level 4 in Spellcasting
  2054 | D:3      | Found a transporter.
  2070 | D:3      | Found a transporter.
  2088 | D:3      | Reached XP level 4. HP: 15/24 MP: 4/12
  2090 | D:3      | Reached skill level 1 in Hexes
  2546 | D:3      | Identified the +0 robe "Xaqi Luc" {Str+4 Int+3}
  2895 | D:3      | Found a stormy altar of Qazlal.
  3008 | D:3      | You fall into a shaft and drop 1 floor!
  3013 | D:4      | Found a radiant altar of Vehumet.
  3019 | D:4      | Became a worshipper of Vehumet
  3122 | D:4      | Reached XP level 5. HP: 28/28 MP: 4/14
  3129 | D:5      | Entered Level 5 of the Dungeon
  3155 | D:4      | Reached skill level 5 in Spellcasting
  3798 | D:3      | Reached skill level 5 in Fire Magic
  4240 | D:4      | Noticed a black bear
  4245 | D:4      | Killed a black bear
  4246 | D:4      | Reached XP level 6. HP: 32/32 MP: 6/16
  4375 | D:4      | Reached skill level 6 in Spellcasting
  4519 | D:4      | Noticed an orc warrior
  4961 | D:4      | Found Sedd's Antique Weapon Shop.
  5950 | D:5      | Reached XP level 7. HP: 18/36 MP: 4/18
  6258 | D:5      | HP: 1/36 [water moccasin skeleton (1)]
  6259 | D:5      | Slain by a water moccasin skeleton

Illustrated notes

Levels and vault maps discovered:
D:1:      dpeg_arrival_rhombi, layout_basic,
          hellmonk_ecumenical_altar_heavens_door
D:2:      layout_basic, hangedman_decor_opposing
D:3:      gammafunk_steamed_eel, layout_basic,
          mainiacjoe_overflow_surrounded_room, ebering_ghost_rock_garden,
          st_stairs_2
D:4:      minmay_chambers_of_fours, layout_cave_pools,
          nicolae_vehumet_altar_sigil, serial_shops, nicolae_shop_statue_plus
D:5:      layout_gridville, nicolae_gozag_seed_capital, serial_shops,
          kennysheep_mini_moat, uniq_pikel

Skill      XL: |  1  2  3  4  5  6 |
---------------+-------------------+-----
Fire Magic     | 4 5 |  5.9
Spellcasting   | 4 5 6 |  6.5
Conjurations   | 2 3 |  3.3
Hexes          | 1 2 |  2.0
Stealth        | 3 |  3.3
Dodging        | |  2.4

Action                   |  1- 3 |  4- 6 |  7- 9 || total
-------------------------+-------+-------+-------++-------
Melee: Unarmed           |     3 |    14 |     1 ||    18
       Punch             |     1 |       |       ||     1
 Cast: Foxfire           |    24 |     1 |       ||    25
       Scorch            |    30 |    86 |     6 ||   122
 Stab: Sleeping          |       |     1 |       ||     1
Armor: Robe              |     8 |    24 |     1 ||    33
Dodge: Dodged            |    15 |    73 |     7 ||    95
